Map: Darkness Sanctuary LE

Players

ILIEKEGGPIE

  • Race: Protoss Protoss
  • Spawn Location: 1:00

Blackcoffee - Winner!

  • Race: Protoss Protoss
  • Spawn Location: 11:00

VOD

Have the link to the VOD?

Description

Time

  • Played on: May 18, 2018, 7:40 a.m.
  • Length: 10:33
Show
View Real Time Build Order
Export as new Build Order

ILIEKEGGPIE Protoss 

Build Orders:  

Get SALT Encoding   

  12  0:01  Probe  
  13  0:13  Probe  
  14  0:20  Pylon  
  14  0:25  Probe  
  15  0:37  Probe  
  16  0:45  Gateway, Probe  
  17  0:52  Assimilator  
  17  0:53  Probe  
  18  1:05  Probe  
  19  1:11  Gateway  
  19  1:17  Probe  
  20  1:25  Assimilator  
  20  1:29  Probe  
  20  1:31  Pylon  
  21  1:41  Probe  
  21  1:44  Cybernetics Core  
  22  1:53  Probe  
  23  2:18  Adept x2  
  27  2:23  Warp Gate  
  27  2:24  Robotics Facility  
  27  2:34  Pylon  
  27  2:52  Stalker x2  
  31  2:58  Gateway  
  31  3:09  Shield Battery  
  31  3:13  Observer  
  32  3:34  Immortal  
  34  3:48  Stalker  
  34  3:49  Stalker  
  34  3:53  Pylon  
  38  4:05  Pylon  
  38  4:06  Stalker  
  38  4:15  Gateway  
  40  4:27  Stalker x2  
  42  4:52  Twilight Council  
  42  4:55  Sentry x2  
  42  4:56  Zealot  
  38  5:25  Stalker x3  
  42  5:50  Adept x3  
  42  5:51  Adept  
  44  6:34  Immortal  
  44  6:52  Stalker x4  
  50  7:04  Charge  
  42  7:20  Nexus  
  42  7:23  Pylon  
  42  7:26  Adept  
  42  7:27  Adept  
  46  7:48  Probe  
  47  7:55  Forge  
  47  8:00  Probe  
  48  8:12  Immortal, Probe  
  45  8:24  Probe  
  50  8:33  Shield Battery  
  50  8:36  Probe  
  50  8:37  Shield Battery  
  51  8:42  Adept  
  51  8:43  Adept  
  55  8:48  Probe  
  55  8:53  Pylon  
  56  9:00  Probe  
  57  9:14  Sentry  
  57  9:15  Sentry x3  
  65  9:22  Immortal  
  57  9:39  Zealot x3  
  55  10:04  Sentry x3  
Show
View Real Time Build Order
Export as new Build Order

Blackcoffee Protoss - Winner!

Build Orders: 1 Gate Expand 

Get SALT Encoding   

  12  0:00  Probe  
  13  0:13  Probe  
  14  0:17  Pylon  
  14  0:25  Probe  
  15  0:36  Gateway  
  15  0:38  Probe  
  16  0:50  Probe  
  16  0:52  Assimilator  
  17  1:02  Probe  
  18  1:14  Probe  
  19  1:28  Cybernetics Core  
  19  1:34  Warp Gate  
  19  1:35  Nexus  
  19  1:37  Probe  
  20  1:50  Probe  
  21  1:57  Pylon  
  21  1:59  Assimilator  
  21  2:02  Probe  
  22  2:14  Probe  
  23  2:20  Robotics Facility  
  23  2:25  Gateway  
  23  2:30  Probe  
  24  2:42  Probe  
  25  2:45  Stalker  
  25  2:49  Probe  
  27  2:54  Probe  
  27  2:57  Probe  
  30  3:06  Gateway, Probe  
  31  3:14  Pylon  
  31  3:16  Immortal  
  26  3:49  Immortal  
  26  3:50  Probe x2  
  32  4:07  Shield Battery  
  32  4:11  Probe  
  33  4:22  Stalker  
  34  4:35  Probe x2  
  36  4:42  Immortal  
  40  4:47  Probe  
  40  4:49  Probe  
  40  4:52  Sentry  
  44  4:53  Sentry  
  44  4:59  Probe  
  47  5:08  Zealot  
  47  5:11  Probe  
  50  5:20  Immortal  
  44  5:23  Zealot x2, Probe  
  49  5:33  Probe  
  54  5:38  Pylon  
  54  5:40  Pylon  
  54  5:46  Shield Battery  
  54  5:49  Immortal  
  54  5:56  Probe  
  54  5:57  Probe  
  60  6:08  Assimilator  
  60  6:09  Probe x2  
  60  6:14  Zealot  
  60  6:15  Zealot  
  58  6:21  Probe x2  
  58  6:26  Zealot  
  51  6:41  Probe x2  
  51  6:46  Immortal  
  50  6:54  Probe x2  
  50  6:55  Zealot x2  
  50  6:56  Zealot  
  59  7:06  Probe  
  59  7:14  Probe  
  59  7:15  Probe, Warp Prism  
  60  7:18  Sentry  
  60  7:22  Probe  
  63  7:27  Probe  
  63  7:28  Zealot  
  69  7:33  Probe  
  70  7:51  Pylon  
  70  7:52  Pylon  
  70  7:54  Pylon  
  70  8:06  Probe  
  70  8:09  Probe  
  70  8:14  Stalker x2  
  70  8:19  Probe  
  73  8:21  Probe  
  74  8:28  Pylon  
  74  8:32  Probe  
  75  8:38  Sentry x2  
  75  8:39  Zealot  
  81  8:59  Stalker  
  66  9:34  Zealot  
  66  9:35  Zealot x2  
  67  9:58  Zealot x3  
Tags
 
Matchup
PvP
Replay Pack
Multi
Spawn Locations
Close Positions
Add a new tag
Caveats
  • Supply blocks, unpowered buildings, or Contaminate may cause inaccurate times.
  • Supply counts are checked every 10 seconds.